 Dungeon Crawl Stone Soup version 0.31-a0-986-g5e6e4ef867 (webtiles) character file.

Game seed: 5827821759290603856

620 wildpjah the Shooter (level 7, -2/42 HPs)
             Began as a Tengu Hunter on Nov 22, 2023.
             Was an Initiate of Dithmenos.
             Slain by a water moccasin (4 damage)
             ... on level 5 of the Dungeon.
             The game lasted 00:06:49 (3836 turns).

wildpjah the Shooter (Tengu Hunter)                 Turns: 3836, Time: 00:06:50

Health: -2/42      AC:  3    Str: 11    XL:     7   Next: 46%
Magic:  9/9        EV: 16    Int:  9    God:    Dithmenos [......]
Gold:   150        SH:  0    Dex: 20    Spells: 8/8 levels left

rFire   . . .        t - +1 short sword (vamp)
rCold   . . .        (no shield)
rNeg    . . .        c - +0 leather armour
rPois   .            (helmet restricted)
rElec   .            (no cloak)
rCorr   .            (no gloves)
SInv    .            (boots unavailable)
Will    +....        (no amulet)
Stlth   ++           h - ring of willpower
HPRegen 0.27/turn    (no ring)
MPRegen 0.11/turn

%: acrobat
@: lethally poisoned (-2 -> -3), flying
A: beak, talons 3, evasive flight, acrobatic
a: Renounce Religion


You were on level 5 of the Dungeon.
You worshipped Dithmenos.
Dithmenos was noncommittal.
You visited 1 branch of the dungeon, and saw 5 of its levels.

You collected 150 gold pieces.

Inventory:

Hand Weapons
 a - a +0 shortbow
 j - a +2 dagger of electrocution
 l - a +0 long sword
 r - a +1 heavy sling
 t - a +1 vampiric short sword (weapon)
Armour
 c - a +0 leather armour (worn)
Jewellery
 h - a ring of willpower (left hand)
 p - a ring of flight
Wands
 s - a wand of light (13)
 v - a wand of paralysis (6)
Scrolls
 b - a scroll of butterflies
 d - a scroll of revelation {unknown}
 f - 3 scrolls of teleportation {unknown}
 k - a scroll of immolation {unknown}
 m - 5 scrolls of identify {unknown}
 o - 2 scrolls of noise {unknown}
 x - a scroll of blinking {unknown}
 y - a scroll of vulnerability {unknown}
 z - a scroll of enchant weapon {unknown}
 A - a scroll of amnesia {unknown}
Potions
 e - a potion of magic {unknown}
 g - a potion of curing {unknown}
 i - 4 potions of heal wounds {unknown}
 n - 2 potions of mutation {unknown}
 q - a potion of cancellation {unknown}
 u - a potion of lignification {unknown}
 w - a potion of enlightenment {unknown}


   Skills:
 + Level 3.7 Fighting
 + Level 1.0 Short Blades
 + Level 7.7 Ranged Weapons
 + Level 2.3 Armour
 + Level 2.6 Dodging
 + Level 1.8 Stealth
 * Level 1.2 Spellcasting
 * Level 1.3 Air Magic


You had 8 spell levels left.
You didn't know any spells.
Your spell library contained the following spells:

 Spells                   Type           Power      Damage    Failure   Level
 Cigotuvi's Dreadful Rot  Necr/Pois/Air  2%         N/A       52%         2
 Ensorcelled Hibernation  Hex/Ice        0%         N/A       58%         2
 Passwall                 Tmut/Erth      0%         N/A       58%         2
 Swiftness                Air            3%         N/A       63%         3
 Hailstorm                Conj/Ice       0%         3d3       82%         3
 Dispel Undead            Necr           0%         3d6       99%         4
 Summon Ice Beast         Ice/Summ       0%         N/A       99%         4
 Death Channel            Necr           0%         N/A       100%        6
 Simulacrum               Ice/Necr       0%         N/A       100%        6
 Ozocubu's Refrigeration  Ice            0%         4d7       100%        7
 Polar Vortex             Ice            0%         N/A       100%        9


Dungeon Overview and Level Annotations

Branches:
Dungeon (5/15)
 Temple: D:4-7

Altars:
Dithmenos
Vehumet
Xom

Annotations:
D:3 3 runed translucent doors, pigah's ghost, amateur OpSh
D:4 2 runed translucent doors, Fractals's ghost, novice KoHu


Innate Abilities, Weirdness & Mutations

You have a beak for a mouth.
You have claws for feet.
Your magical flight helps you evade attacks. (EV +4)
You can magically evade attacks while moving or waiting.


Message History

You shoot a sling bullet.
The sling bullet misses the water moccasin.
You shoot a sling bullet.
The sling bullet hits the water moccasin but does no damage.
The water moccasin misses you. The water moccasin bites you.
You shoot a sling bullet.
The sling bullet hits the water moccasin!
The water moccasin is heavily wounded.
The water moccasin closely misses you. The water moccasin bites you.
You are poisoned.
The water moccasin poisons you! The water moccasin bites you!
You feel a sense of dread.
t - a +1 vampiric short sword (weapon)
You feel sick.
You barely miss the water moccasin.
The water moccasin is heavily wounded.
You feel sick. The water moccasin misses you.
The water moccasin barely misses you.
You closely miss the water moccasin. You claw the water moccasin.
The water moccasin is heavily wounded.
You feel sick. The water moccasin bites you.
* * * LOW HITPOINT WARNING * * *
You barely miss the water moccasin. Your kick misses the water moccasin.
Your peck misses the water moccasin.
The water moccasin is heavily wounded.
You feel sick. The water moccasin closely misses you.
You barely miss the water moccasin. Your kick misses the water moccasin.
Your peck misses the water moccasin.
The water moccasin is heavily wounded.
You feel sick. The water moccasin barely misses you.
You hit the water moccasin. Your kick misses the water moccasin.
Your peck misses the water moccasin.
The water moccasin is severely wounded.
You feel sick. The water moccasin misses you. The water moccasin bites you!
* * * LOW HITPOINT WARNING * * *
You hit the water moccasin.
You feel better.
The water moccasin is almost dead.
* * * LOW HITPOINT WARNING * * *
You feel sick. The water moccasin bites you.
You die...

#.. ).. .. .. #.. .#
..... .. ..)###...##†#
.).###.#..###########
. #.).#)#.# #.##.^...#
#.##.S....# ##.#..#..#
#..$.)@#.####...#..#.#
####.#......##...#...#
#....#.#..###...#..#
#.....###........###
#....#.#..###.###.##
####.##.#.# #.# ##.#
#......# #.# ###
######## #.# #.#


You could see a water moccasin.

Vanquished Creatures
  Blork the orc (D:4)
  2 scorpions
  A gnoll bouda (D:5)
  A sleepcap (D:4)
  3 iguanas
  2 orc wizards (D:4)
  8 gnolls
  9 adders
  3 worms
  3 dart slugs
  3 orcs (D:4)
  6 endoplasms
  3 giant cockroaches
  4 goblins
  8 hobgoblins
  7 jackals
  4 quokkas
  9 ball pythons
  5 bats
  2 frilled lizards
  9 kobolds
  12 rats
105 creatures vanquished.

Notes
Turn   | Place    | Note
-------+----------+-------------------------------------------
     0 | D:1      | wildpjah the Tengu Hunter began the quest for the Orb.
     0 | D:1      | Reached XP level 1. HP: 12/12 MP: 2/2
   175 | D:1      | Reached XP level 2. HP: 17/17 MP: 3/3
   292 | D:1      | Reached skill level 5 in Ranged Weapons
   417 | D:1      | Reached XP level 3. HP: 21/21 MP: 4/4
   915 | D:2      | Reached XP level 4. HP: 10/27 MP: 5/5
   923 | D:2      | HP: 1/27 [poisoned by an adder]
  1680 | D:3      | Noticed a scorpion
  1691 | D:2      | Killed a scorpion
  1692 | D:2      | Reached skill level 6 in Ranged Weapons
  1692 | D:2      | Reached XP level 5. HP: 6/32 MP: 6/6
  1814 | D:3      | Found a shimmering altar of Xom.
  1827 | D:3      | Reached skill level 1 in Armour
  1998 | D:3      | Found a runed translucent gate.
  1999 | D:3      | Found a runed translucent gate.
  2000 | D:3      | Found a runed translucent gate.
  2000 | D:3      | Noticed pigah's ghost (amateur OpSh)
  2001 | D:3      | Noticed a kobold brigand
  2616 | D:4      | Reached XP level 6. HP: 37/37 MP: 7/7
  2630 | D:4      | Found a radiant altar of Vehumet.
  2652 | D:4      | Noticed Blork the orc
  2658 | D:4      | Killed Blork the orc
  2659 | D:4      | Reached skill level 7 in Ranged Weapons
  2843 | D:4      | Found a shadowy altar of Dithmenos.
  2858 | D:4      | Became a worshipper of Dithmenos the Shadowed
  3048 | D:4      | Reached skill level 1 in Short Blades
  3066 | D:4      | Gained mutation: Your magical flight helps you evade
                  | attacks. (EV +4) [Tengu growth]
  3066 | D:4      | Reached XP level 7. HP: 35/41 MP: 7/9
  3110 | D:4      | Found a large runed translucent door.
  3111 | D:4      | Found a large runed translucent door.
  3139 | D:4      | Reached skill level 1 in Air Magic
  3199 | D:4      | Reached skill level 1 in Spellcasting
  3283 | D:4      | Noticed Fractals's ghost (novice KoHu)
  3618 | D:5      | Entered Level 5 of the Dungeon
  3835 | D:5      | HP: 1/42 [water moccasin (7)]
  3836 | D:5      | Slain by a water moccasin

Illustrated notes

Levels and vault maps discovered:
D:1:      sevenhm_arrival_forest_fort_small_1, layout_loops_cross,
          minmay_rat_gold_closets
D:2:      layout_loops_ring
D:3:      layout_loops_cross, old_standard_altar, gammafunk_ghost_nasty_kobolds,
          corexii_corridor_pit
D:4:      layout_loops_corners, nicolae_vehumet_radiance,
          nicolae_dithmenos_through_a_glass_darkly, ebering_ghost_disaster_area,
          uniq_blork_the_orc
D:5:      layout_loops_corners, lemuel_zombie_altar_kikubaaqudgha,
          amethyst_overflow_temple_binary, minmay_temple_entry_slanted,
          mainiacjoe_sewer_entry_somewhere_in_here_2, minivault_26,
          dreamdust_princess_bridge, hangedman_abyss_or_decor_jellyfish_corner

Skill      XL: |  1  2  3  4  5  6  7 |
---------------+----------------------+-----
Ranged Weapons | 5 6 7 |  7.7
Fighting       | 3 |  3.7
Armour         | 1 2 |  2.3
Short Blades   | 1 |  1.0
Air Magic      | 1 |  1.3
Spellcasting   | 1 |  1.2
Dodging        | |  2.6
Stealth        | |  1.8

Action                     |  1- 3 |  4- 6 |  7- 9 || total
---------------------------+-------+-------+-------++-------
  Melee: Dagger            |     8 |    32 |     4 ||    44
         Peck              |     2 |     9 |       ||    11
         Kick              |     1 |    11 |     3 ||    15
         Short sword       |       |    12 |     7 ||    19
         Punch             |       |     1 |       ||     1
   Fire: Shortbow          |    67 |    43 |       ||   110
         Sling             |       |    69 |    39 ||   108
    Use: Potion            |       |     1 |       ||     1
 Armour: Leather armour    |    16 |    33 |    11 ||    60
  Dodge: Dodged            |    20 |    40 |    21 ||    81

Table legend: (Time is in decaauts)
 A = Elapsed time spent in this place.
 B = Non-inter-level travel time spent in this place.
 C = Inter-level travel time spent in this place.
 D = Time resting spent in this place.
 E = Time spent auto-exploring this place.
 F = Levels seen in this place.
 G = Mean time per level.
                   A        B        C        D        E       F      G
               +--------+--------+--------+--------+--------+-----+--------+
         Total |   3908 |   3810 |     98 |    308 |   2860 |   5 |  781.6 |
       Dungeon |   3908 |   3810 |     98 |    308 |   2860 |   5 |  781.6 |
               +--------+--------+--------+--------+--------+-----+--------+

Top non-repeatable levels by time:
     D:2: 1094 daAuts
     D:4: 1082 daAuts
     D:3: 785 daAuts
     D:1: 710 daAuts
     D:5: 235 daAuts
